| TOP OF THE 1ST |
|
Lodi Crushers batting - Pitching for Stockton Mariners : RHP Gregorio Soto
|
|
Pitching: RHP Gregorio Soto
|
|
|
Batting: LHB Kal Daniels
|
0-0: Bunt for hit to 13 - play at first, batter OUT! 1-3
|
|
Batting: RHB Dave Lebeau
|
0-0: Called Strike 0-1: Foul Ball, location: 2F 0-2: Foul Ball, location: 2F 0-2: Ball 1-2: Ball 2-2: Ball 3-2: Fly out, F3 (Popup, 3SF, EV 82.5 MPH)
|
|
Batting: RHB Carmelo Martinez
|
0-0: Fly out, F8 (Flyball, 8RM, EV 83.1 MPH)
|
| Top of the 1st over - 0 runs, 0 hits, 0 errors, 0 left on base; Lodi 0 - Stockton 0 |
| BOTTOM OF THE 1ST |
|
Stockton Mariners batting - Pitching for Lodi Crushers : RHP Homer Moncrief
|
|
Pitching: RHP Homer Moncrief
|
|
|
Batting: LHB Ricky Nelson
|
0-0: Ball 1-0: Called Strike 1-1: Ground out 3-1 (Groundball, 34, EV 88.8 MPH)
|
|
Batting: LHB Harold Perkins
|
0-0: Ball 1-0: Called Strike 1-1: Foul Ball, location: 2F 1-2: Fly out, F8 (Flyball, 78S, EV 83.8 MPH)
|
|
Batting: SHB Eddie Tanner
|
0-0: Called Strike 0-1: Called Strike 0-2: Foul Ball, location: 2F 0-2: SINGLE (Line Drive, 89M, EV 97.5 MPH)
|
|
Batting: LHB David Cawthon
|
0-0: Called Strike 0-1: Foul Ball, location: 2F 0-2: Ball 1-2: Ball 2-2: Foul Ball, location: 2F 2-2: Foul Ball, location: 2F 2-2: Ball 3-2: Fly out, F8 (Line Drive, 8LD, EV 106.3 MPH)
|
| Bottom of the 1st over - 0 runs, 1 hit, 0 errors, 1 left on base; Lodi 0 - Stockton 0 |
| TOP OF THE 2ND |
|
Lodi Crushers batting - Pitching for Stockton Mariners : RHP Gregorio Soto
|
|
Batting: LHB Fred McGriff
|
0-0: Ball 1-0: Called Strike 1-1: Called Strike 1-2: Strikes out swinging
|
|
Batting: RHB Terry McGriff
|
0-0: Ball 1-0: Ball 2-0: Ball 3-0: Called Strike 3-1: Called Strike 3-2: Foul Ball, location: 2F 3-2: Ground out 6-3 (Groundball, 6, EV 104.4 MPH)
|
|
Batting: RHB Mark Van Blaricom
|
0-0: Foul Ball, location: 2F 0-1: Ball 1-1: Ball 2-1: Called Strike 2-2: Ball 3-2: Foul Ball, location: 2F 3-2: Foul Ball, location: 2F 3-2: Ground out 3-1 (Groundball, 34, EV 93.8 MPH)
|
| Top of the 2nd over - 0 runs, 0 hits, 0 errors, 0 left on base; Lodi 0 - Stockton 0 |
| BOTTOM OF THE 2ND |
|
Stockton Mariners batting - Pitching for Lodi Crushers : RHP Homer Moncrief
|
|
Batting: LHB Joe Perna
|
0-0: Swinging Strike 0-1: Foul Ball, location: 2F 0-2: Strikes out swinging
|
|
Batting: LHB Marty Pevey
|
0-0: Ball 1-0: Ball 2-0: Fly out, F7 (Flyball, 7S, EV 83.1 MPH)
|
|
Batting: LHB Victor Gavidia
|
0-0: Foul Ball, location: 2F 0-1: Ball 1-1: Ball 2-1: Swinging Strike 2-2: Fly out, F3 (Popup, 34, EV 61.9 MPH)
|
| Bottom of the 2nd over - 0 runs, 0 hits, 0 errors, 0 left on base; Lodi 0 - Stockton 0 |
| TOP OF THE 3RD |
|
Lodi Crushers batting - Pitching for Stockton Mariners : RHP Gregorio Soto
|
|
Batting: RHB Ron Karkovice
|
0-0: Fly out, F4 (Popup, 3S, EV 83.8 MPH)
|
|
Batting: LHB Jeff Reed
|
0-0: Ball 1-0: Ball 2-0: Called Strike 2-1: Ball 3-1: Ground out 4-3 (Groundball, 4MS, EV 85.0 MPH)
|
|
Batting: RHB Chris Baker
|
0-0: Called Strike 0-1: Foul Ball, location: 2F 0-2: Ball 1-2: Strikes out swinging
|
| Top of the 3rd over - 0 runs, 0 hits, 0 errors, 0 left on base; Lodi 0 - Stockton 0 |
| BOTTOM OF THE 3RD |
|
Stockton Mariners batting - Pitching for Lodi Crushers : RHP Homer Moncrief
|
|
Batting: RHB Frederick Lagergren
|
0-0: Foul Ball, location: 2F 0-1: Ball 1-1: Ground out 4-3 (Groundball, 4S, EV 85.6 MPH)
|
|
Batting: RHB Brian Greer
|
0-0: Ball 1-0: Ball 2-0: Ball 3-0: Called Strike 3-1: Fly out, F8 (Flyball, 8LS, EV 87.5 MPH)
|
|
Batting: LHB Ricky Nelson
|
0-0: Ball 1-0: TRIPLE (Flyball, 7D, EV 101.3 MPH)
|
|
Batting: LHB Harold Perkins
|
0-0: Ball 1-0: Foul Ball, location: 2F 1-1: Foul Ball, location: 2F 1-2: Ball 2-2: Foul Ball, location: 2F 2-2: Fly out, F8 (Flyball, 78D, EV 107.5 MPH)
|
| Bottom of the 3rd over - 0 runs, 1 hit, 0 errors, 1 left on base; Lodi 0 - Stockton 0 |
| TOP OF THE 4TH |
|
Lodi Crushers batting - Pitching for Stockton Mariners : RHP Gregorio Soto
|
|
Batting: LHB Kal Daniels
|
0-0: Called Strike 0-1: Foul Ball, location: 2F 0-2: Foul Ball, location: 2F 0-2: Ball 1-2: Ball 2-2: Foul Ball, location: 2F 2-2: Ball 3-2: Strikes out looking
|
|
Batting: RHB Dave Lebeau
|
0-0: Foul Ball, location: 2F 0-1: Foul Ball, location: 2F 0-2: Ball 1-2: Ball 2-2: SOLO HOME RUN (Flyball, 7D, EV 113.1 MPH), Distance : 384 ft
|
|
Batting: RHB Carmelo Martinez
|
0-0: Foul Ball, location: 2F 0-1: Called Strike 0-2: Strikes out swinging
|
|
Batting: LHB Fred McGriff
|
0-0: Ball 1-0: Called Strike 1-1: Foul Ball, location: 2F 1-2: Ball 2-2: DOUBLE (Flyball, 8LXD, EV 101.9 MPH)
|
|
Batting: RHB Terry McGriff
|
0-0: Called Strike 0-1: Ball 1-1: Called Strike 1-2: Foul Ball, location: 2F 1-2: Foul Ball, location: 2F 1-2: Strikes out swinging
|
| Top of the 4th over - 1 run, 2 hits, 0 errors, 1 left on base; Lodi 1 - Stockton 0 |
| BOTTOM OF THE 4TH |
|
Stockton Mariners batting - Pitching for Lodi Crushers : RHP Homer Moncrief
|
|
Batting: SHB Eddie Tanner
|
0-0: Ball 1-0: Called Strike 1-1: Ground out 6-3 (Groundball, 6, EV 83.1 MPH)
|
|
Batting: LHB David Cawthon
|
0-0: Called Strike 0-1: Called Strike 0-2: Ground out U3 (Groundball, 3, EV 83.1 MPH)
|
|
Batting: LHB Joe Perna
|
0-0: Called Strike 0-1: Fly out, F7 (Flyball, 7, EV 83.1 MPH)
|
| Bottom of the 4th over - 0 runs, 0 hits, 0 errors, 0 left on base; Lodi 1 - Stockton 0 |
| TOP OF THE 5TH |
|
Lodi Crushers batting - Pitching for Stockton Mariners : RHP Gregorio Soto
|
|
Batting: RHB Mark Van Blaricom
|
0-0: Ball 1-0: Ground out 4-3 (Groundball, 4M, EV 83.1 MPH)
|
|
Batting: RHB Ron Karkovice
|
0-0: Ball 1-0: Ground out 5-3 (Groundball, 56, EV 92.5 MPH)
|
|
Batting: LHB Jeff Reed
|
0-0: Called Strike 0-1: Called Strike 0-2: Ball 1-2: Strikes out swinging
|
| Top of the 5th over - 0 runs, 0 hits, 0 errors, 0 left on base; Lodi 1 - Stockton 0 |
| BOTTOM OF THE 5TH |
|
Stockton Mariners batting - Pitching for Lodi Crushers : RHP Homer Moncrief
|
|
Batting: LHB Marty Pevey
|
0-0: Foul Ball, location: 2F 0-1: Ball 1-1: Ball 2-1: Called Strike 2-2: Ball 3-2: Foul Ball, location: 2F 3-2: Base on Balls
|
|
Batting: LHB Victor Gavidia
|
0-0: Bunted foul 0-1: Ball 1-1: Bunt missed! 1-2: Grounds into double play, 5-4-3 (Groundball, 5, EV 106.9 MPH)
|
|
Batting: RHB Frederick Lagergren
|
0-0: Called Strike 0-1: Swinging Strike 0-2: Foul Ball, location: 2F 0-2: Ball 1-2: Ground out 6-3 (Groundball, 6, EV 81.3 MPH)
|
| Bottom of the 5th over - 0 runs, 0 hits, 0 errors, 0 left on base; Lodi 1 - Stockton 0 |
| TOP OF THE 6TH |
|
Lodi Crushers batting - Pitching for Stockton Mariners : RHP Gregorio Soto
|
|
Batting: RHB Chris Baker
|
0-0: SINGLE (Groundball, 34D, EV 105.0 MPH)
|
|
Batting: LHB Kal Daniels
|
0-0: Called Strike 0-1: Foul Ball, location: 2F 0-2: Strikes out swinging
|
|
Batting: RHB Dave Lebeau
|
0-0: Reached on error, E1 (Groundball, 13S, EV 70.0 MPH) Chris Baker to second
|
|
Batting: RHB Carmelo Martinez
|
0-0: Ball 1-0: Foul Ball, location: 2F 1-1: Swinging Strike 1-2: Grounds into double play, 6-4-3 (Groundball, 56, EV 91.3 MPH)
|
| Top of the 6th over - 0 runs, 1 hit, 1 error, 1 left on base; Lodi 1 - Stockton 0 |
| BOTTOM OF THE 6TH |
|
Stockton Mariners batting - Pitching for Lodi Crushers : RHP Homer Moncrief
|
|
Batting: RHB Brian Greer
|
0-0: Ball 1-0: Swinging Strike 1-1: Fly out, F6 (Flyball, 5D, EV 82.5 MPH)
|
|
Batting: LHB Ricky Nelson
|
0-0: Ball 1-0: Ball 2-0: Foul Ball, location: 2F 2-1: Called Strike 2-2: Ball 3-2: Strikes out looking
|
|
Batting: LHB Harold Perkins
|
0-0: Foul Ball, location: 2F 0-1: Foul Ball, location: 2F 0-2: Ball 1-2: Ball 2-2: Fly out, F8 (Line Drive, 8RM, EV 88.8 MPH)
|
| Bottom of the 6th over - 0 runs, 0 hits, 0 errors, 0 left on base; Lodi 1 - Stockton 0 |
| TOP OF THE 7TH |
|
Lodi Crushers batting - Pitching for Stockton Mariners : RHP Gregorio Soto
|
|
Batting: LHB Fred McGriff
|
0-0: Ball 1-0: Ball 2-0: Ball 3-0: Base on Balls
|
|
Batting: RHB Terry McGriff
|
0-0: Foul Ball, location: 2F 0-1: Called Strike 0-2: Foul Ball, location: 2F 0-2: Ball 1-2: Ball 2-2: Ball 3-2: Foul Ball, location: 2F 3-2: Grounds into double play, 3-6-3 (Groundball, 34, EV 86.9 MPH)
|
|
Batting: RHB Mark Van Blaricom
|
0-0: Called Strike 0-1: Called Strike 0-2: Ball 1-2: Ball 2-2: Ball 3-2: Fly out, F9 (Flyball, 9S, EV 90.6 MPH)
|
| Top of the 7th over - 0 runs, 0 hits, 0 errors, 0 left on base; Lodi 1 - Stockton 0 |
| BOTTOM OF THE 7TH |
|
Stockton Mariners batting - Pitching for Lodi Crushers : RHP Homer Moncrief
|
|
Batting: SHB Eddie Tanner
|
0-0: Ball 1-0: Called Strike 1-1: Ball 2-1: Ball 3-1: SINGLE (Line Drive, 78S, EV 108.8 MPH)
|
|
Batting: LHB David Cawthon
|
0-0: Ball 1-0: SINGLE (Groundball, 34D, EV 96.3 MPH) Eddie Tanner to second Runner from 2nd tries for 3rd, SAFE, no throw by RF
|
|
Batting: LHB Joe Perna
|
0-0: Called Strike 0-1: Ball David Cawthon is caught stealing 2nd base 2-6 1-1: Fly out, F8 (Line Drive, 8LM, EV 104.4 MPH)
|
|
Batting: LHB Marty Pevey
|
0-0: Ball 1-0: Swinging Strike 1-1: Ball 2-1: Ball 3-1: Base on Balls
|
|
Pinch Hitting: LHB Marvin Ward
|
0-0: Ball 1-0: Called Strike 1-1: Called Strike 1-2: Strikes out looking
|
| Bottom of the 7th over - 0 runs, 2 hits, 0 errors, 2 left on base; Lodi 1 - Stockton 0 |
| TOP OF THE 8TH |
|
Lodi Crushers batting - Pitching for Stockton Mariners : RHP Gregorio Soto
|
|
Now at 3B: David Lanning
|
|
|
Batting: RHB Ron Karkovice
|
0-0: Fly out, F3 (Flyball, 3D, EV 91.3 MPH)
|
|
Batting: LHB Jeff Reed
|
0-0: Ground out 4-3 (Groundball, 4, EV 79.4 MPH)
|
|
Batting: RHB Chris Baker
|
0-0: Ball 1-0: SINGLE (Groundball, 6MD, EV 95.0 MPH)
|
|
Batting: LHB Kal Daniels
|
0-0: SINGLE (Groundball, 34D, EV 101.3 MPH) Chris Baker to second Runner from 2nd tries for 3rd, SAFE, no throw by RF
|
|
Batting: RHB Dave Lebeau
|
0-0: Called Strike Pickoff Throw to First - Out! 1-3
|
| Top of the 8th over - 0 runs, 2 hits, 0 errors, 1 left on base; Lodi 1 - Stockton 0 |
| BOTTOM OF THE 8TH |
|
Stockton Mariners batting - Pitching for Lodi Crushers : RHP Homer Moncrief
|
|
Batting: RHB Frederick Lagergren
|
0-0: Ball 1-0: Foul Ball, location: 2F 1-1: Foul Ball, location: 2F 1-2: Ball 2-2: Ball 3-2: Fly out, F9 (Flyball, 89M, EV 90.0 MPH)
|
|
Batting: RHB Brian Greer
|
0-0: Ground out 6-3 (Groundball, 6S, EV 82.5 MPH)
|
|
Batting: LHB Ricky Nelson
|
0-0: Called Strike 0-1: Ball 1-1: Ball 2-1: Fly out, F9 (Flyball, 9D, EV 100.0 MPH)
|
| Bottom of the 8th over - 0 runs, 0 hits, 0 errors, 0 left on base; Lodi 1 - Stockton 0 |
| TOP OF THE 9TH |
|
Lodi Crushers batting - Pitching for Stockton Mariners : RHP Gregorio Soto
|
|
Batting: RHB Dave Lebeau
|
0-0: Fly out, F6 (Flyball, 6D, EV 89.4 MPH)
|
|
Batting: RHB Carmelo Martinez
|
0-0: Called Strike 0-1: Foul Ball, location: 2F 0-2: Ball 1-2: Hit by Pitch
|
|
Batting: LHB Fred McGriff
|
0-0: Called Strike 0-1: Ball 1-1: Ball 2-1: Called Strike 2-2: Ball 3-2: Base on Balls Carmelo Martinez to second
|
|
Pinch Runner at 2nd Michael Madril:
|
|
|
Batting: RHB Terry McGriff
|
0-0: Called Strike 0-1: Ball 1-1: Called Strike Fred McGriff steals 2nd base Michael Madril steals 3rd base 1-2: Foul Ball, location: 2F 1-2: Ball 2-2: Foul Ball, location: 2F 2-2: Strikes out looking
|
|
Batting: RHB Mark Van Blaricom
|
0-0: Called Strike 0-1: Swinging Strike 0-2: Ball 1-2: Foul Ball, location: 2F 1-2: Ball 2-2: Foul Ball, location: 2F 2-2: Ball 3-2: Strikes out swinging
|
| Top of the 9th over - 0 runs, 0 hits, 0 errors, 2 left on base; Lodi 1 - Stockton 0 |
| BOTTOM OF THE 9TH |
|
Stockton Mariners batting - Pitching for Lodi Crushers : RHP Homer Moncrief
|
|
Now in LF: Michael Madril
|
|
|
Batting: LHB Harold Perkins
|
0-0: Ball 1-0: Called Strike 1-1: Foul Ball, location: 2F 1-2: Foul Ball, location: 2F 1-2: SINGLE (Flyball, 78S, EV 91.9 MPH)
|
|
Batting: SHB Eddie Tanner
|
0-0: Ball 1-0: Swinging Strike 1-1: Ball 2-1: Reached on error, E6 (Groundball, 6, EV 86.9 MPH) Harold Perkins to second
|
|
Batting: LHB David Cawthon
|
0-0: Foul Ball, location: 2F 0-1: Swinging Strike 0-2: Ball 1-2: Strikes out swinging
|
|
Batting: LHB Joe Perna
|
0-0: Called Strike Balk! Harold Perkins to third Eddie Tanner to second 0-1: Ball 1-1: Ball 2-1: Foul Ball, location: 2F 2-2: Ground out 3-1 (Groundball, 34, EV 86.3 MPH) Harold Perkins scores Eddie Tanner to third
|
|
Batting: LHB Marty Pevey
|
0-0: Swinging Strike 0-1: Foul Ball, location: 2F 0-2: Ball 1-2: Ball 2-2: Ball 3-2: Fly out, F8 (Flyball, 8RD, EV 86.3 MPH)
|
| Bottom of the 9th over - 1 run, 1 hit, 1 error, 1 left on base; Lodi 1 - Stockton 1 |
| TOP OF THE 10TH |
|
Lodi Crushers batting - Pitching for Stockton Mariners : RHP Gregorio Soto
|
|
Pitching: LHP Robert Alsup
|
|
|
Batting: RHB Ron Karkovice
|
0-0: Called Strike 0-1: Ball 1-1: Ball 2-1: SINGLE (Groundball, 6M, EV 103.8 MPH) (infield hit)
|
|
Batting: RHB Rickey Coleman
|
0-0: Called Strike 0-1: Ball 1-1: Ball 2-1: SINGLE (Groundball, 5S, EV 68.8 MPH) (infield hit) Ron Karkovice to second
|
|
Batting: RHB Chris Baker
|
0-0: Called Strike 0-1: Ball 1-1: Ball 2-1: Foul Ball, location: 2F 2-2: Ball 3-2: Foul Ball, location: 2F 3-2: SINGLE (Line Drive, 9S, EV 94.4 MPH) Ron Karkovice to third Rickey Coleman to second Runner from 3rd tries for Home, SAFE, throw by RF to home
|
|
Batting: LHB Kal Daniels
|
0-0: Called Strike 0-1: Ball 1-1: Foul Ball, location: 2F 1-2: Foul Ball, location: 2F 1-2: Foul Ball, location: 2F 1-2: DOUBLE (Line Drive, 7LM, EV 94.4 MPH) Rickey Coleman scores Chris Baker to third
|
|
Batting: RHB Dave Lebeau
|
0-0: Intentional Walk
|
|
Batting: SHB Michael Madril
|
0-0: Ball 1-0: Called Strike 1-1: Foul Ball, location: 2F 1-2: SINGLE (Line Drive, 89S, EV 95.0 MPH) Chris Baker scores Kal Daniels to third Dave Lebeau to second
|
|
Batting: LHB Fred McGriff
|
0-0: Ball 1-0: Swinging Strike 1-1: Ball 2-1: Ball 3-1: Foul Ball, location: 2F 3-2: Fly out, F9 (Flyball, 89D, EV 85.6 MPH) Runner from 3rd tags up, SCORES, throw by RF Dave Lebeau to third
|
|
Pitching: RHP Kevin Hagen
|
|
|
Batting: RHB Terry McGriff
|
0-0: Grounds into double play, 4-6-3 (Groundball, 34, EV 90.6 MPH)
|
| Top of the 10th over - 4 runs, 5 hits, 0 errors, 1 left on base; Lodi 5 - Stockton 1 |
| BOTTOM OF THE 10TH |
|
Stockton Mariners batting - Pitching for Lodi Crushers : RHP Homer Moncrief
|
|
Batting: LHB David Lanning
|
0-0: Foul Ball, location: 2F 0-1: Ball 1-1: Foul Ball, location: 2F 1-2: Fly out, F8 (Flyball, 78M, EV 96.3 MPH)
|
|
Batting: RHB Frederick Lagergren
|
0-0: Fly out, F7 (Flyball, 78M, EV 98.1 MPH)
|
|
Batting: RHB Brian Greer
|
0-0: Ball 1-0: Swinging Strike 1-1: Ground out 4-3 (Groundball, 4, EV 87.5 MPH)
|
| Bottom of the 10th over - 0 runs, 0 hits, 0 errors, 0 left on base; Lodi 5 - Stockton 1 |
|